 Dungeon Crawl Stone Soup version 0.29.1-12-g30fa7ad0bf (webtiles) character file.

Game seed: 15679879675730610233

70 RapScallion the Chopper (level 4, -2/40 HPs)
             Began as a Hill Orc Fighter on Jan 17, 2023.
             Slain by Jessica
             ... wielding a +1 dagger of electrocution
              (11 damage)
             ... on level 3 of the Dungeon.
             The game lasted 00:08:38 (2343 turns).

RapScallion the Chopper (Hill Orc Fighter)          Turns: 2343, Time: 00:08:39

Health: -2/40      AC: 11    Str: 20    XL:     4   Next: 22%
Magic:  4/4        EV:  9    Int:  8    God:
Gold:   76         SH:  4    Dex: 10    Spells: 3/3 levels left

rFire   . . .      SeeInvis .   a - +0 war axe
rCold   . . .      Faith    .   c - +0 buckler
rNeg    . . .      Spirit   .   b - +0 scale mail
rPois   .          Reflect  .   (no helmet)
rElec   .          Harm     .   l - +0 cloak
rCorr   .          Rampage  .   (no gloves)
Will    .....                   i - +2 pair of boots
Stlth   ..........              (no amulet)
HPRegen 0.13/turn               (no ring)
MPRegen 0.09/turn               (no ring)

@: no status effects
A: no striking features
a: no special abilities


You were on level 3 of the Dungeon.
You visited 1 branch of the dungeon, and saw 3 of its levels.

You collected 76 gold pieces.

Inventory:

Hand Weapons
 a - a +0 war axe (weapon)
Missiles
 r - 5 atropa-tipped darts (quivered)
Armour
 b - a +0 scale mail (worn)
 c - a +0 buckler (worn)
 i - a +2 pair of boots (worn)
 l - a +0 cloak (worn)
Wands
 k - a wand of flame (7)
Scrolls
 e - a scroll of noise {unknown}
 f - a scroll of summoning {unknown}
 g - a scroll of magic mapping {unknown}
 h - a scroll of identify {unknown}
 j - 2 scrolls of teleportation {unknown}
 m - a scroll of blinking {unknown}
 o - a scroll of poison {unknown}
 q - a scroll of vulnerability {unknown}
 s - a scroll of enchant armour {unknown}
Potions
 d - a potion of might
 n - a potion of curing
 p - a potion of haste {unknown}


   Skills:
 + Level 4.0 Fighting
 + Level 4.2 Axes
 + Level 3.8 Armour
 + Level 1.0 Dodging
 + Level 3.5 Shields


You had 3 spell levels left.
You didn't know any spells.
Your spell library contained the following spells:

 Spells                   Type           Power      Damage    Failure   Level
 Poisonous Vapours        Pois/Air       0%         N/A       94%         2
 Corpse Rot               Necr/Pois/Air  0%         N/A       100%        4


Dungeon Overview and Level Annotations

Branches:
Dungeon (3/15)

Altars:

Annotations:
D:3 Jessica


Message History

Done waiting.
You see here 5 stones.
Found 13 gold pieces.
Found a stone staircase leading down.
You now have 76 gold pieces (gained 13).
Found a scroll labelled ECZAIKK WIGGY.
j - 2 scrolls labelled ECZAIKK WIGGY (gained 1)
Found a scroll labelled XILOBRECAY.
s - a scroll labelled XILOBRECAY A quokka comes into view.
The quokka bites you but does no damage.
You hit the quokka.
The quokka is moderately wounded.
The quokka barely misses you. You block the quokka's attack.
You miss the quokka.
The quokka is moderately wounded.
The quokka closely misses you.
You slash the quokka!
You kill the quokka!
Jessica the Apprentice Sorceress comes into view.
She is wielding a +1 dagger of electrocution.
Jessica shouts!
Press: ? - help, v - describe, . - travel The floor.
An adder comes into view.
You block Jessica's attack.
The adder hisses angrily.
You hit Jessica.
Jessica is heavily wounded.
Jessica drinks a potion.
Jessica is healed!
Jessica hits you but does no damage.
You are electrocuted!!
Ouch! That really hurt!
You closely miss Jessica. Jessica gestures at you while chanting.
Pain shoots through your body!
* * * LOW HITPOINT WARNING * * *
You hit Jessica but do no damage.
Jessica hits you with a +1 dagger of electrocution.
* * * LOW HITPOINT WARNING * * *
You are electrocuted!
You die...

########
#####......#
#...#.####.#######
#.#.#.# #........
#@#.#.# #..#####.
#####@#.#.####..#
#. ....S#.#.......#
#. #..#.####.#..###
#.
#................#.
#.##.######.####...
......# ..# #...
###..... # #.#.
....... .....


You could see an adder and Jessica.

Vanquished Creatures
  2 adders (D:2)
  A worm (D:2)
  2 dart slugs
  2 endoplasms (D:1)
  2 giant cockroaches
  7 goblins
  2 hobgoblins (D:1)
  3 quokkas
  5 ball pythons
  7 bats
  2 frilled lizards
  6 kobolds
  6 rats
47 creatures vanquished.

Notes
Turn   | Place    | Note
-------+----------+-------------------------------------------
     0 | D:1      | RapScallion the Hill Orc Fighter began the quest for the
                  | Orb.
     0 | D:1      | Reached XP level 1. HP: 19/19 MP: 1/1
   358 | D:1      | Reached XP level 2. HP: 27/27 MP: 2/2
   947 | D:1      | Reached XP level 3. HP: 33/33 MP: 3/3
  1143 | D:2      | Found a faded altar of an unknown god.
  1383 | D:2      | Reached skill level 1 in Dodging
  1482 | D:2      | Reached XP level 4. HP: 40/40 MP: 4/4
  2335 | D:3      | Noticed Jessica
  2343 | D:3      | Slain by Jessica

Illustrated notes

Levels and vault maps discovered:
D:1:      dpeg_arrival_round_b, layout_basic
D:2:      layout_loops_corners, hellmonk_ecumenical_altar_lost_god,
          serial_park_tiny_pond
D:3:      layout_basic, grunt_temple_overflow_order_and_chaos_1, uniq_jessica

Skill      XL: |  1  2  3 |
---------------+----------+-----
Axes           | 3 4 |  4.2
Fighting       | 4 |  4.0
Dodging        | 1 |  1.0
Armour         | |  3.8
Shields        | |  3.5

Action                   |  1- 3 |  4- 6 || total
-------------------------+-------+-------++-------
Melee: War axe           |   107 |    32 ||   139
Armor: Scale mail        |    71 |    12 ||    83
Dodge: Dodged            |    46 |    16 ||    62
Block: Buckler           |    26 |     9 ||    35
